 Dungeon Crawl Stone Soup version 0.24.0-13-gcf9b319 (webtiles) character file.

Game seed: 13333197748498384106, levelgen mode: deterministic

479 Boetheseconed the Poker (level 6, -1/47 HPs)
             Began as a Demonspawn Wanderer on Dec 11, 2019.
             Was an Initiate of Okawaru.
             Slain by an ogre zombie
             ... wielding a +0 giant spiked club of venom
              (17 damage)
             ... on level 5 of the Dungeon.
             The game lasted 00:18:29 (3465 turns).

Boetheseconed the Poker (Demonspawn Wanderer)       Turns: 3465, Time: 00:18:29

Health: -1/47      AC: 14    Str: 17    XL:     6   Next: 86%
Magic:  7/7        EV:  5    Int: 15    God:    Okawaru [......]
Gold:   149        SH:  0    Dex: 10    Spells: 7/7 levels left

rFire    + . .     SeeInvis .   a - +2 spear
rCold    . . .     Gourm    .   (no shield)
rNeg     . . .     Faith    .   q - +3 plate armour
rPois    .         Spirit   .   (no helmet)
rElec    .         Reflect  .   (no cloak)
rCorr    .         Harm     .   (no gloves)
MR       .....                  (no boots)
Stlth    ..........             (no amulet)
HPRegen  0.15/turn              (no ring)
MPRegen  0.10/turn              (no ring)

@: lethally poisoned (-1 -> -26)
A: hooves 1, thin skeletal structure 1, demonic guardian 1, fire resistance 1
a: Renounce Religion


You were on level 5 of the Dungeon.
You worshipped Okawaru.
Okawaru was noncommittal.
You were very hungry.

You visited 1 branch of the dungeon, and saw 5 of its levels.

You collected 185 gold pieces.
You spent 36 gold pieces at shops.

Inventory:

Hand Weapons
 a - a +2 spear (weapon)
Missiles
 u - a throwing net (quivered)
Armour
 c - a +0 chain mail
 d - a +0 robe
 j - a +0 plate armour
 q - a +3 plate armour (worn)
Scrolls
 e - a scroll of fog {unknown}
 g - 6 scrolls of remove curse
 i - a scroll of noise {unknown}
 k - 4 scrolls of identify
 m - 2 scrolls of teleportation
 n - a scroll of random uselessness {unknown}
 r - a scroll of magic mapping
Potions
 b - a potion of agility {unknown}
 h - a potion of flight {unknown}
 l - a potion of haste {unknown}
 o - a potion of berserk rage {unknown}
 p - 2 potions of heal wounds
 s - 3 potions of curing
 t - 2 potions of lignification
 v - a potion of resistance
Comestibles
 f - 7 rations


   Skills:
 + Level 3.2 Fighting
 + Level 5.0 Polearms
 + Level 1.3 Throwing
 + Level 2.6 Armour
 + Level 0.5 Dodging
 + Level 1.3 Stealth
 + Level 1.1 Spellcasting
   Level 3.6 Air Magic


You had 7 spell levels left.
You didn't know any spells.
Your spell library contained the following spells:

 Spells                   Type           Power        Failure   Level  Hunger
 Sandblast                Erth           #.....       100%        1    ##.....
 Sting                    Conj/Pois      #...         100%        1    ##.....
 Mephitic Cloud           Conj/Pois/Air  #.......     100%        3    ####...
 Stone Arrow              Conj/Erth      #.....       100%        3    ####...


Dungeon Overview and Level Annotations

Branches:
Dungeon (5/15)             Temple (0/1) D:5

Altars:
Fedhas
Hepliaklqana
Makhleb
Okawaru
Trog
Vehumet

Shops:
D:5 !%

Annotations:
D:3 1 runed translucent door, Crazy Yiuf, Grinder
D:4 2 transporters, exclusion: oklob plant, wahemi82's ghost, amateur MiFi
D:5 1 transporter


Innate Abilities, Weirdness & Mutations

You have large cloven feet.
You have a somewhat thin skeletal structure. (Dex +2, Stealth)
A weak demonic guardian rushes to your aid.
Your flesh is heat resistant. (rF+)


Message History

Aim: an orc warrior zombie, wielding a +1 mace of venom (almost destroyed)
You reach to attack!
You barely miss the orc warrior zombie.
The orc warrior zombie is almost destroyed.
You feel sick.
The gnoll sergeant zombie hits you but does no damage.
You are more poisoned.
You hit the ogre zombie.
The ogre zombie is lightly damaged.
You feel sick.
The ogre zombie hits you with a +0 giant spiked club of venom!
You hit the ogre zombie.
The ogre zombie is moderately damaged.
You feel sick.
The gnoll sergeant zombie barely misses you.
The gnoll sergeant zombie closely misses you.
You puncture the ogre zombie! You kick the ogre zombie.
The ogre zombie is heavily damaged.
You feel sick.
The ogre zombie hits you with a +0 giant spiked club of venom!
You die...

......#.##..####...##############
......<...)....#.#.#
......#....###.....#########
...#######.# #..©..........# ..,*
#.###############.# ,,,*
*#.##☼.☼○°°°# #.# ,***
*..##○°°○5°°# #.# ,******
*..##○°#©#☼☼# #.#
,,,,,,***..##○○.@.°☼# #.#
,,,,,,,,,,,*#○°#Z#°○# #.#
*****,***,**#°○ZZZ°☼# #.######
***,,,,,,,*####○☼°#### #.......
,,,,,,,,,,*#°°°.°°°..# #..#####
***,,,,,,,,#○°○°.○°○☼# #..##
,,,,,,,,,,,#°☼○...○☼.# ##⌠.⌠#
*,,,>,,,,,,#°○○$%$°○°# #..∩.#
*,*,,,,,,>,#☼°.?©:.°○# #.⌠.⌠#


You could see 2 gnoll sergeant zombies, an orc warrior zombie, an ogre zombie
and a friendly shadow imp.

Vanquished Creatures
  A bullfrog zombie (D:5)
  A jelly (D:5)
  An orc wizard (D:3)
  A bullfrog skeleton (D:4)
  A worker ant (D:4)
  Robin (D:2)
  5 adders
  An ooze (D:3)
  An adder skeleton (D:4)
  2 worms
  A dart slug (D:1)
  4 leopard geckos
  9 orcs
  8 bats
  5 giant cockroaches
  14 goblins
  7 hobgoblins
  4 jackals (D:1)
  2 quokkas (D:3)
  A ball python (D:3)
  3 frilled lizards
  4 kobolds
  10 rats
87 creatures vanquished.

Vanquished Creatures (collateral kills)
  2 phantoms (D:4)
  A scorpion (D:5)
  An orc (D:3)
4 creatures vanquished.

Vanquished Creatures (others)
  An orc priest (D:3)
  A worm (D:3)
  3 orcs (D:3)
5 creatures vanquished.

Grand Total: 96 creatures vanquished

Notes
Turn   | Place    | Note
-------+----------+-------------------------------------------
     0 | D:1      | Boetheseconed the Demonspawn Wanderer began the quest for
                  | the Orb.
     0 | D:1      | Boetheseconed set off with the following items: a +2 spear,
                  | a +0 robe, a ration; and the following spells available to
                  | memorise: Sandblast, Sting, Mephitic Cloud, Stone Arrow
     0 | D:1      | Reached XP level 1. HP: 15/15 MP: 2/2
   110 | D:1      | Reached skill level 2 in Polearms
   183 | D:1      | Gained mutation: You have large cloven feet. [demonic
                  | ancestry]
   183 | D:1      | Reached XP level 2. HP: 15/21 MP: 3/3
   467 | D:1      | Gained mutation: Your flesh is heat resistant. (rF+)
                  | [demonic ancestry]
   467 | D:1      | Reached XP level 3. HP: 21/26 MP: 4/4
   814 | D:2      | Noticed Robin
   836 | D:2      | Killed Robin
  1030 | D:2      | Reached skill level 3 in Polearms
  1030 | D:2      | Gained mutation: A weak demonic guardian rushes to your
                  | aid. [demonic ancestry]
  1030 | D:2      | Reached XP level 4. HP: 33/33 MP: 5/5
  1400 | D:3      | Found a bloodstained altar of Trog.
  1424 | D:3      | Reached skill level 1 in Armour
  1735 | D:3      | Found an iron altar of Okawaru.
  1798 | D:3      | Found a radiant altar of Vehumet.
  1932 | D:3      | Found a burning altar of Makhleb.
  1938 | D:3      | Gained mutation: You have a somewhat thin skeletal
                  | structure. (Dex +2, Stealth) [demonic ancestry]
  1938 | D:3      | Reached XP level 5. HP: 36/38 MP: 6/6
  2170 | D:3      | Found a runed translucent door.
  2171 | D:3      | Noticed Crazy Yiuf
  2198 | D:3      | Noticed Grinder
  2211 | D:3      | Paralysed by Grinder for 6 turns
  2522 | D:4      | Found a hazy altar of Hepliaklqana.
  2584 | D:4      | Noticed a phantom
  2584 | D:4      | Noticed a phantom
  2599 | D:4      | Found a transporter.
  2603 | D:4      | Killed a phantom
  2603 | D:4      | Reached skill level 4 in Polearms
  2616 | D:4      | Killed a phantom
  2616 | D:4      | Reached XP level 6. HP: 32/45 MP: 7/7
  2766 | D:4      | Noticed wahemi82's ghost (amateur MiFi)
  2767 | D:4      | Found a transporter.
  2804 | D:4      | Found a blossoming altar of Fedhas.
  2823 | D:4      | Noticed an oklob plant
  3149 | D:5      | Entered Level 5 of the Dungeon
  3154 | D:5      | Found a transporter.
  3169 | D:5      | Found an iron altar of Okawaru.
  3186 | D:5      | Became a worshipper of Warmaster Okawaru
  3327 | D:5      | Found Yquumucw's Distillery.
  3331 | D:5      | Reached skill level 5 in Polearms
  3337 | D:5      | Bought a potion of curing for 36 gold pieces
  3363 | D:5      | Found Xoataem's Food Shop.
  3402 | D:5      | Found a transporter.
  3465 | D:5      | Slain by an ogre zombie

Levels and vault maps discovered:
D:1:      evilmike_arrival_crescent, layout_basic
D:2:      layout_loops_ring, first_ration, st_stairs_8, uniq_robin
D:3:      layout_loops_cross, bloody_trog, lemuel_coloured_pillars_altar,
          fiery_altar_vehumet, kennysheep_okawaru_gauntlet, uniq_grinder,
          uniq_crazy_yiuf_cottage
D:4:      layout_loops_ring, lemuel_crystal_altar, serial_shops, shop,
          gammafunk_ghost_smash, hangedman_abyss_or_decor_lesser_grid,
          tgw_fedhas
D:5:      gammafunk_cloud_chamber, layout_loops_ring, lemuel_doored_altar,
          minmay_temple_entry_grid, serial_shops, nicolae_shop_stone,
          shop_fountains, kennysheep_mini_moat, nicolae_shop_waterfront

Skill      XL: |  1  2  3  4  5  6 |
---------------+-------------------+-----
Polearms       | 2 3 4 5 |  5.0
Armour         | 1 2 |  2.6
Fighting       | 2 3 |  3.2
Throwing       | |  1.3
Dodging        | |  0.5
Stealth        | |  1.3
Spellcasting   | |  1.1
Air Magic      | |  3.6

Action                   |  1- 3 |  4- 6 || total
-------------------------+-------+-------++-------
Melee: Spear             |   126 |   242 ||   368
       Kick              |    16 |    41 ||    57
  Use: Scroll            |       |     5 ||     5
  Eat: Chunk             |     1 |     6 ||     7
Armor: Chain mail        |    91 |    40 ||   131
       Robe              |     1 |       ||     1
       Plate armour      |       |    97 ||    97
Dodge: Dodged            |    36 |    58 ||    94
